 Dungeon Crawl Stone Soup version 0.30.1 (webtiles) character file.

Game seed: 2018094095894211733

4 Sabo the Chopper (level 1, -1/21 HPs)
             Began as a Naga Monk on July 8, 2023.
             Slain by a gnoll
             ... wielding a +0 club
              (7 damage)
             ... on level 1 of the Dungeon.
             The game lasted 00:00:50 (129 turns).

Sabo the Chopper (Naga Monk)                         Turns: 129, Time: 00:00:50

Health: -1/21      AC:  1    Str: 13    XL:     1   Next: 70%
Magic:  1/1        EV: 10    Int: 10    God:
Gold:   12         SH:  0    Dex: 13    Spells: 0/0 levels left

rFire   . . .        a - +0 hand axe
rCold   . . .        d - orb {light}
rNeg    . . .        b - +0 robe
rPois   +            (no helmet)
rElec   .            (no cloak)
rCorr   .            (no gloves)
SInv    +            (no barding)
Will    .....        (no amulet)
Stlth   +            (no ring)
HPRegen 0.23/turn    (no ring)
MPRegen 0.07/turn

%: no passive effects
@: short of breath, glowing, very slow
A: AC +0, large, see invisible, deformed body, poison resistance, slowness 2,
spit poison 1, naga tail 1
a: Spit Poison


You were on level 1 of the Dungeon.
You visited 1 branch of the dungeon, and saw 1 of its levels.

You collected 12 gold pieces.

Inventory:

Hand Weapons
 a - a +0 hand axe (weapon)
Armour
 b - a +0 robe (worn)
 d - an orb of light (worn)
 f - a +0 ring mail
Scrolls
 e - a scroll of identify {unknown}
Potions
 c - a potion of ambrosia


   Skills:
 + Level 3.1 Fighting
 + Level 3.1 Axes
 + Level 2.5 Dodging


You couldn't memorise any spells.
You didn't know any spells.
Your spell library was empty.

Dungeon Overview and Level Annotations

Branches:
Dungeon (1/15)

Altars:


Innate Abilities, Weirdness & Mutations

Your serpentine skin is tough. (AC +0)
You have supernaturally acute eyesight. (SInv)
Armour fits poorly on your strangely shaped body.
Your system is resistant to poisons. (rPois)
You cover ground very slowly.
You can spit poison.
You have a snake-like lower body.


Message History

The hobgoblin shouts!
Found a pair of boots.
A gnoll comes into view. It is wielding a +0 club.
The hobgoblin closely misses you.
The gnoll shouts!
You slash the hobgoblin!
You kill the hobgoblin!
A rat comes into view.
You hit the endoplasm.
The endoplasm is severely wounded.
The endoplasm closely misses you.
You hit the endoplasm.
You kill the endoplasm!
Aiming: Spit Poison (3% risk of failure)
Press: ? - help, Shift-Dir - straight line, f - gnoll
Aim: a gnoll, wielding a +0 club (59% to hit)
The splash of poison misses the gnoll.
You have got your breath back.
Aiming: Spit Poison (3% risk of failure)
Press: ? - help, Shift-Dir - straight line, f/p - gnoll
Aim: a gnoll, wielding a +0 club (haloed, 77% to hit)
The splash of poison hits the gnoll.
The gnoll is moderately wounded.
You hit the gnoll but do no damage.
The gnoll is moderately wounded.
The gnoll barely misses you.
You hit the gnoll but do no damage.
The gnoll is moderately wounded.
You completely miss the rat. The rat bites you but does no damage.
The gnoll hits you with a +0 club. The rat closely misses you.
The gnoll hits you with a +0 club.
You hit the gnoll but do no damage.
The gnoll is moderately wounded.
You barely miss the rat. The rat bites you. The gnoll hits you with a +0 club.
You hit the gnoll.
The gnoll is heavily wounded.
You hit the rat but do no damage. The rat bites you.
* * * LOW HITPOINT WARNING * * *
The gnoll hits you with a +0 club!
You die...

..#.#.#.#
#.......#
#.#.#.#.##
#........#
#.#.#.#..#
#........########.
........r........[
#@g..=......
#....####### >....
#....# ..#.#
#....# .... #....#
#..# #.#### #..#
#.# #..# #.#
##.####..## #.#


You could see a gnoll and a rat.

Vanquished Creatures
  An endoplasm (D:1)
  A hobgoblin (D:1)
  2 bats (D:1)
4 creatures vanquished.

Notes
Turn   | Place    | Note
-------+----------+-------------------------------------------
     0 | D:1      | Sabo the Naga Monk began the quest for the Orb.
     0 | D:1      | Reached XP level 1. HP: 21/21 MP: 1/1
   129 | D:1      | Slain by a gnoll

Illustrated notes

Levels and vault maps discovered:
D:1:      dpeg_arrival_ratfight, layout_basic, serial_glass, glass_columns_b,
          glass_columns_b, ebering_ecumenical_altar_rust

Action                     || total
---------------------------++-------
  Melee: Hand axe          ||     7
Ability: Spit Poison       ||     4
 Armour: Robe              ||     1
  Dodge: Dodged            ||     4
